AoeStats
← huko2019

Arabia

505703461Analyzed
2v2 RM · 20d ago on Sep 10, 2026· 71m 27s· 4 players
Game mode
Random Map
Map size
Medium (4 player)
Population
200
Speed
Normal
Resources
Standard
Victory
Conquest
Starting age
Dark Age
Ending age
Imperial Age
RankedLock teamsTeams togetherTeam positionsShared explorationLock speedFull tech treeHidden civsTurbo modeCheats
Victory
Defeat
🇩🇪 Magyars · Germany
974
+17
🇩🇪 Malay · Germany
970
+39
🇩🇪 Magyars · Germany
1002
-17
🇦🇹 Turks · Austria
999
-17
GMan
9:38 Loom
11:41 Feudal Age
16:37 Castle Age
14:54 Double-Bit Axe
16:04 Fletching
22:13 Wheelbarrow
22:17 Bodkin Arrow
24:41 Thumb Ring
27:28 Gold Mining
28:42 Bow Saw
29:04 Bloodlines
30:43 Scale Barding Armor
32:56 Husbandry
34:56 Ballistics
37:17 Imperial Age
38:05 Heavy Cavalry Archer
39:50 Bracer
40:46 Hand Cart
41:05 Parthian Tactics
42:05 Gold Shaft Mining
41:13 Light Cavalry
43:46 Recurve Bow
44:22 Caravan
45:54 Chemistry
46:46 Two-Man Saw
47:26 Padded Archer Armor
48:04 Elite Magyar Huszar
48:46 Corvinian Army
49:29 Stone Mining
52:41 Siege Engineers
58:09 Chain Barding Armor
61:37 Conscription
62:45 Murder Holes
64:22 Plate Barding Armor
64:09 Leather Archer Armor
Schlossgespenst
4:29 Loom
11:04 Feudal Age
11:04 Horse Collar
21:03 Double-Bit Axe
21:23 Man-at-Arms
21:50 Arson
26:43 Castle Age
25:59 Forging
25:42 Long Swordsman
28:08 Iron Casting
27:36 Squires
29:25 Padded Archer Armor
29:16 Fletching
30:39 Bodkin Arrow
31:05 Pikeman
32:08 Thumb Ring
31:28 Elite Skirmisher
32:26 Leather Archer Armor
34:01 Wheelbarrow
33:14 Town Watch
37:30 Ballistics
41:40 Hand Cart
44:04 Imperial Age
44:23 Forced Levy
44:50 Conscription
43:58 Two-Handed Swordsman
44:02 Halberdier
45:45 Blast Furnace
46:34 Bracer
47:04 Ring Archer Armor
53:08 Siege Engineers
53:59 Crossbowman
55:34 Heavy Plow
57:14 Arbalester
68:14 Chemistry
Frere__Jaques
9:15 Feudal Age
7:31 Loom
11:30 Double-Bit Axe
17:58 Horse Collar
23:24 Castle Age
22:34 Scale Barding Armor
23:47 Bloodlines
24:48 Bow Saw
26:36 Wheelbarrow
28:19 Gold Mining
29:38 Chain Barding Armor
33:32 Hand Cart
35:21 Town Watch
35:58 Corvinian Army
39:29 Imperial Age
37:09 Fletching
37:20 Padded Archer Armor
37:36 Elite Skirmisher
38:15 Bodkin Arrow
40:04 Elite Magyar Huszar
42:00 Heavy Plow
42:24 Bracer
43:18 Ballistics
43:59 Chemistry
46:08 Hoardings
46:20 Leather Archer Armor
46:41 Plate Barding Armor
45:39 Cavalier
46:20 Husbandry
47:23 Thumb Ring
49:32 Two-Man Saw
49:04 Crop Rotation
49:10 Paladin
huko2019
8:10 Loom
11:15 Feudal Age
13:49 Double-Bit Axe
16:58 Bloodlines
23:12 Castle Age
21:35 Scale Barding Armor
21:21 Fletching
21:28 Horse Collar
23:51 Wheelbarrow
29:11 Bow Saw
32:41 Hand Cart
33:45 Ballistics
33:27 Bodkin Arrow
33:52 Chain Barding Armor
34:57 Heavy Plow
42:19 Imperial Age
42:31 Thumb Ring
43:07 Sipahi
42:52 Heavy Cavalry Archer
44:09 Parthian Tactics
45:25 Bracer
49:21 Forging
49:51 Conscription
56:04 Iron Casting
Connection lost

Rejoining the realm…

Still unreachable

The connection could not be restored.

Session expired

The server has moved on; the page needs a fresh start.